[Event "Chessable Masters - Torneo preliminare"]
[White "Makhnev, Denis"]
[Black "Van Foreest, Jorden"]
[WhiteFideId "13707647"]
[BlackFideId "1039784"]
[WhiteElo "2505"]
[BlackElo "2682"]
[Result "0-1"]
[Round "4"]
[TimeControl "600+2"]
[Date "2023.03.13"]
[WhiteClock "0:00:13"]
[BlackClock "0:00:36"]

1. d4 Nf6 2. c4 c6 3. Nf3 d5 4. Nc3 dxc4 5. a4 e6 6. e3 c5 7. Bxc4 Nc6 8. O-O Be7 9. Qe2 O-O 10. Rd1 Bd7 11. Ne5 cxd4 12. exd4 Nb4 13. Bg5 Bc6 14. Nxc6 bxc6 15. a5 Rb8 16. g3 Nfd5 17. Bc1 Qc7 18. Ne4 Rfd8 19. h4 h6 20. Nc5 Bxc5 21. dxc5 Qe7 22. b3 Qxc5 23. Bb2 Qe7 24. Qe5 f6 25. Qe2 Rd7 26. Re1 e5 27. Ba3 Kh8 28. Rac1 Qd8 29. Qg4 Rd6 30. Bxd5 Rxd5 31. Bxb4 Rd4 32. Qe6 Rdxb4 33. Rxc6 Rxb3 34. Rec1 Rb1 35. Rxb1 Rxb1+ 36. Kh2 Rb8 37. a6 Qd3 38. Rc8+ Rxc8 39. Qxc8+ Kh7 40. Qb7 Qd4 41. Kg1 e4 42. h5 e3 43. Qb1+ Kg8 44. Qb3+ Kf8 45. fxe3 Qd6 46. Qb7 Qxg3+ 47. Kf1 Qh3+ 48. Kf2 Qh4+ 49. Kg2 Qg5+ 50. Kf2 Qc5 51. Qb8+ Ke7 52. Qb7+ Ke6 53. Qxg7 Qf5+ 54. Ke1 Qa5+ 55. Kf2 Qxa6 56. Qxh6 Qa2+ 57. Kg3 Qe2 58. Kf4 Qf2+ 59. Ke4 Qd2 60. Qh8 Qg2+ 61. Kd3 Qd5+ 62. Kc3 Qc5+ 63. Kd3 Qb5+ 64. Kc3 Qe5+ 65. Kd3 Qf5+ 66. Kc3 Kf7 67. h6 Qc5+ 68. Kd3 Qd6+ 69. Kc3 Qc7+ 70. Kd3 Qd7+ 71. Ke2 Kg6 72. Qf8 Qf7 73. Qh8 Qh7 74. Qf8 Qxh6 75. Qe8+ Kg5 76. Qb5+ f5 77. Qb8 Qh5+ 78. Kd2 Qf7 79. Qf4+ Kg6 80. Qd6+ Qf6 81. Qg3+ Kf7 82. Qc7+ Qe7 83. Qc4+ Kg6 84. Qg8+ Kf6 85. Qh8+ Ke6 86. Qg8+ Ke5 87. Qg3+ Kd5 88. Qf3+ Ke6 89. Qa8 Qd7+ 90. Ke2 Kd6 91. Qb8+ Kc5 92. Kf3 a5 93. Qf8+ Kc4 94. Kf4 a4 95. Qg8+ Qd5 96. Qc8+ Kd3 97. Qa6+ Qc4+ 98. Qxc4+ Kxc4 99. Kxf5 a3 100. e4 a2 101. e5 a1=Q 102. e6 Qg7 103. e7 Qxe7 0-1


[Site "Internet"]

[Event "Chessable Masters - Torneo preliminare"]
[White "Durarbayli, Vasif"]
[Black "Matamoros Franco, Carlos S."]
[WhiteFideId "13402935"]
[BlackFideId "3600017"]
[WhiteElo "2531"]
[BlackElo "2407"]
[Result "0-1"]
[Round "4"]
[TimeControl "600+2"]
[Date "2023.03.13"]
[WhiteClock "0:00:04"]
[BlackClock "0:01:07"]

1. e4 d6 2. d4 Nf6 3. Nc3 e5 4. Nf3 Nbd7 5. g3 Be7 6. Bg2 c6 7. a4 O-O 8. O-O Re8 9. Re1 Bf8 10. h3 b6 11. Be3 Bb7 12. g4 h6 13. Qd2 a6 14. Rad1 b5 15. dxe5 dxe5 16. axb5 axb5 17. Ne2 Qc7 18. Ng3 Nc5 19. Nh4 Ne6 20. Nhf5 Nf4 21. Qc3 b4 22. Qd2 Rad8 23. Qc1 c5 24. Rxd8 Rxd8 25. f3 g6 26. Nh4 Be7 27. Ne2 Nxe2+ 28. Rxe2 Nh7 29. Qe1 Ng5 30. Bf1 c4 31. Rd2 Rxd2 32. Bxd2 Qd8 33. Bxg5 Bxg5 34. Ng2 Qd4+ 35. Qf2 Qxb2 36. Bxc4 Qc3 37. Bb3 Be7 38. Kh2 Bc5 39. Qe2 Qd4 40. h4 Qg1+ 41. Kh3 Bf2 42. Bxf7+ Kg7 43. g5 Bc8+ 0-1


[Site "Internet"]

[Event "Chessable Masters - Torneo preliminare"]
[White "Drygalov, Sergey"]
[Black "Salgado Lopez, Ivan"]
[WhiteFideId "24171743"]
[BlackFideId "2257327"]
[WhiteElo "2461"]
[BlackElo "2554"]
[Result "1-0"]
[Round "4"]
[TimeControl "600+2"]
[Date "2023.03.13"]
[WhiteClock "0:01:12"]
[BlackClock "0:00:36"]

1. d4 Nf6 2. c4 e6 3. Nf3 d5 4. Nc3 a6 5. cxd5 exd5 6. Bg5 Be6 7. e3 Nbd7 8. Bd3 h6 9. Bh4 g5 10. Bg3 Nh5 11. Qc2 Nxg3 12. hxg3 Bg7 13. O-O O-O 14. Bh7+ Kh8 15. Bf5 c6 16. g4 Qf6 17. Ne2 Bxf5 18. Qxf5 Qxf5 19. gxf5 Rfe8 20. Rac1 Bf8 21. g3 Bd6 22. Kg2 Kg7 23. Rcd1 a5 24. Nc1 Kf6 25. Rh1 Rh8 26. g4 h5 27. Rxh5 Rxh5 28. gxh5 Kxf5 29. Rh1 Rh8 30. Nd3 f6 31. Nd2 g4 32. f3 gxf3+ 33. Kxf3 Kg5 34. Rg1+ Kh6 35. e4 Re8 36. exd5 cxd5 37. Nf1 Kxh5 38. Ne3 f5 39. Nxd5 Re4 40. N3f4+ Bxf4 41. Nxf4+ Kh6 42. Rg6+ Kh7 43. Rd6 Nf8 44. Rf6 Kg7 45. Rxf5 Rxd4 46. Rxf8 Rd2 47. Rf5 Rxb2 48. Rxa5 b6 49. Ra6 b5 50. Ke3 b4 51. Nd3 Rb1 52. Rb6 1-0


[Site "Internet"]

[Event "Chessable Masters - Torneo preliminare"]
[White "Hammer, Jon Ludvig"]
[Black "Tregubov, Pavel V."]
[WhiteFideId "1503707"]
[BlackFideId "4115341"]
[WhiteElo "2647"]
[BlackElo "2522"]
[Result "1/2-1/2"]
[Round "4"]
[TimeControl "600+2"]
[Date "2023.03.13"]
[WhiteClock "0:05:30"]
[BlackClock "0:06:00"]

1. d4 Nf6 2. c4 e6 3. Nc3 Bb4 4. e3 b6 5. Ne2 Ne4 6. Qc2 Bb7 7. a3 Bxc3+ 8. Nxc3 Nxc3 9. Qxc3 d6 10. d5 O-O 11. b4 a5 12. Bb2 Qg5 13. h4 axb4 14. axb4 Rxa1+ 15. Bxa1 Qg6 16. Rh3 Qb1+ 17. Kd2 e5 18. Bd3 Qg1 19. Ke2 Nd7 20. Qe1 Qxg2 21. Bf5 Nf6 22. Rg3 Qh2 23. Rh3 Qg2 24. Rg3 Qh2 25. Rh3 Qg2 1/2-1/2


[Site "Internet"]

[Event "Chessable Masters - Torneo preliminare"]
[White "Darini, Pouria"]
[Black "Ibarra Jerez, Jose Carlos"]
[WhiteFideId "12502200"]
[BlackFideId "2226332"]
[WhiteElo "2573"]
[BlackElo "2546"]
[Result "1-0"]
[Round "4"]
[TimeControl "600+2"]
[Date "2023.03.13"]
[WhiteClock "0:01:38"]
[BlackClock "0:02:09"]

1. e4 c5 2. Nf3 Nc6 3. Bb5 e6 4. O-O Nge7 5. b3 Nd4 6. Nxd4 cxd4 7. Bb2 a6 8. Be2 Nc6 9. c3 Bc5 10. b4 Ba7 11. a4 dxc3 12. dxc3 O-O 13. b5 Ne5 14. Ba3 Re8 15. Bd6 f6 16. Na3 axb5 17. Nxb5 Bb6 18. Qd2 Nf7 19. Rfd1 Ba5 20. Bg3 Ra6 21. Nd4 Rb6 22. Bb5 Nd6 23. Qd3 Qc7 24. Nb3 Qxc3 25. Nxa5 Nxb5 26. axb5 Qxd3 27. Rxd3 Rxb5 28. Nc4 Rc5 29. Nd6 Rf8 30. Rb3 e5 31. Rb6 g6 32. f3 Kg7 33. Bf2 Rc2 34. g4 Rh8 35. Rd1 Rc7 36. Be3 h6 37. Rc1 Rc6 38. h4 Rf8 39. h5 g5 40. Kf2 Rd8 41. Ke2 Kf8 42. Rd1 Kg7 43. Nf5+ Kh7 44. Rd6 Rf8 45. Kd3 Rf7 46. Bd2 Rf8 47. Bb4 Rf7 48. Ba3 Kh8 49. Nxh6 Rg7 50. Rxf6 Kh7 51. Nf5 Rg8 1-0


[Site "Internet"]

[Event "Chessable Masters - Torneo preliminare"]
[White "Pranav, V"]
[Black "Wagner, Dennis"]
[WhiteFideId "25060783"]
[BlackFideId "24650684"]
[WhiteElo "2462"]
[BlackElo "2456"]
[Result "0-1"]
[Round "4"]
[TimeControl "600+2"]
[Date "2023.03.13"]
[WhiteClock "0:00:02"]
[BlackClock "0:00:16"]

1. e4 e5 2. Nf3 Nc6 3. Bb5 a6 4. Ba4 Nf6 5. O-O Be7 6. d3 b5 7. Bb3 d6 8. c3 O-O 9. Nbd2 Na5 10. Bc2 c5 11. Re1 Nc6 12. Nf1 h6 13. Ng3 Re8 14. h3 Bf8 15. a4 Be6 16. Nh2 d5 17. Qf3 Rc8 18. axb5 axb5 19. exd5 Bxd5 20. Ne4 Nxe4 21. dxe4 Be6 22. Ng4 Bxg4 23. Qxg4 Qf6 24. Be3 Ra8 25. Rad1 c4 26. Rd5 Rab8 27. Red1 Qe6 28. Qf3 Red8 29. R1d2 Be7 30. Qg3 Bd6 31. Rd1 Ne7 32. R5d2 Bc7 33. Ra1 Rxd2 34. Bxd2 Bb6 35. Be3 Bxe3 36. Qxe3 Ng6 37. Bd1 Nf4 38. Bg4 Qd6 39. Qa7 h5 40. Bf3 Rf8 41. Rd1 Qg6 42. Kh2 Nd3 43. b4 Qc6 44. Qe3 g6 45. g3 Ra8 46. Be2 Ra3 47. Bxd3 Rxc3 48. Qe2 cxd3 49. Rxd3 Qc4 50. Rd8+ Kg7 51. Qd2 Rc2 52. Qe3 Qxb4 53. Rd5 Qb2 54. Kg2 b4 55. Rd6 Qc3 56. Rd3 Qc5 57. Qf3 Rc3 58. Qd1 Qc4 59. Rd7 Qxe4+ 60. Kh2 Qf3 61. Qd2 b3 62. Re7 Rc2 0-1


[Site "Internet"]

[Event "Chessable Masters - Torneo preliminare"]
[White "Lobanov, Sergei"]
[Black "Maghsoodloo, Parham"]
[WhiteFideId "24183750"]
[BlackFideId "12539929"]
[WhiteElo "2436"]
[BlackElo "2660"]
[Result "1-0"]
[Round "4"]
[TimeControl "600+2"]
[Date "2023.03.13"]
[WhiteClock "0:03:47"]
[BlackClock "0:04:07"]

1. d4 Nf6 2. c4 e6 3. Nc3 Bb4 4. e3 O-O 5. Bd3 d5 6. a3 Bxc3+ 7. bxc3 dxc4 8. Bxc4 c5 9. Ne2 Nc6 10. O-O b6 11. f3 e5 12. d5 Na5 13. Ba2 e4 14. c4 Ba6 15. Qc2 Re8 16. Bb2 exf3 17. Rxf3 Ne4 18. Raf1 f6 19. Ng3 Qe7 20. Bb1 Ng5 21. h4 Nxf3+ 22. Rxf3 g6 23. Rxf6 Qxe3+ 24. Kh2 Qh6 25. Nf5 Qh5 26. Qc3 Re2 27. Rf8+ Kxf8 28. Qg7+ Ke8 29. Nd6+ Kd8 30. Bf6+ 1-0


[Site "Internet"]

[Event "Chessable Masters - Torneo preliminare"]
[White "Henriquez Villagra, Cristobal"]
[Black "Predke, Alexandr"]
[WhiteFideId "3409350"]
[BlackFideId "24107581"]
[WhiteElo "2574"]
[BlackElo "2582"]
[Result "1-0"]
[Round "4"]
[TimeControl "600+2"]
[Date "2023.03.13"]
[WhiteClock "0:01:02"]
[BlackClock "0:00:36"]

1. e4 c5 2. Nf3 e6 3. g3 Nc6 4. Bg2 Nf6 5. d3 d6 6. O-O Be7 7. Nc3 O-O 8. a3 Rb8 9. Rb1 b6 10. b4 Bb7 11. b5 Nd4 12. Re1 Nd7 13. Bb2 Bf6 14. a4 Rc8 15. Nd2 Qc7 16. Na2 e5 17. h4 g6 18. Nc3 Bg7 19. Nc4 Nf6 20. Bc1 Ne6 21. Bg5 Rce8 22. a5 Nd7 23. Bd2 f5 24. axb6 axb6 25. Ra1 f4 26. Ra7 Nf6 27. gxf4 Nh5 28. Nd5 Qb8 29. Rxb7 Qxb7 30. Nxd6 Qd7 31. Nxe8 Qxe8 32. f5 Nef4 33. Nxf4 Nxf4 34. Qg4 Qxb5 35. Bxf4 exf4 36. fxg6 hxg6 37. e5 Qb4 38. Re4 Qb1+ 39. Kh2 f3 40. Bxf3 Qxc2 41. Kg2 Qxd3 42. e6 Re8 43. Qxg6 Re7 44. Bg4 Qc3 45. Rf4 Qe5 46. Rf7 Rxf7 47. Qxf7+ Kh7 48. Bf5+ 1-0


[Site "Internet"]

[Event "Chessable Masters - Torneo preliminare"]
[White "Lenderman, Aleksandr"]
[Black "Preotu, Razvan"]
[WhiteFideId "2021285"]
[BlackFideId "2613280"]
[WhiteElo "2646"]
[BlackElo "2532"]
[Result "0-1"]
[Round "4"]
[TimeControl "600+2"]
[Date "2023.03.13"]
[WhiteClock "0:02:09"]
[BlackClock "0:00:16"]

1. Nf3 c5 2. b3 Nf6 3. Bb2 Nc6 4. c4 d5 5. cxd5 Nxd5 6. Nc3 Nxc3 7. Bxc3 f6 8. e3 e5 9. Bc4 Bf5 10. O-O Bd3 11. Bxd3 Qxd3 12. Qb1 O-O-O 13. Qxd3 Rxd3 14. Rfd1 Be7 15. Kf1 Rhd8 16. Ke2 b5 17. g4 b4 18. Bb2 Kb7 19. Rac1 a5 20. Nd4 R3xd4 21. exd4 exd4 22. f4 a4 23. Rb1 a3 24. Ba1 f5 25. g5 Bd6 26. Kd3 Bxf4 27. Rf1 Ne5+ 28. Kc2 Bxg5 29. Rxf5 Bf6 30. Rbf1 Kc6 31. h4 Kd5 32. h5 h6 33. Re1 Ke6 34. Rf4 Rd5 35. Ree4 Rd8 36. Kd1 Rb8 37. Ke2 Kd5 38. Bxd4 cxd4 39. Rxd4+ Kc5 40. Rde4 Nc6 41. Rc4+ Kd6 42. d4 Rb5 43. Kd3 Rxh5 44. Ke4 Rh2 45. d5 Ne7 46. Rf3 Nxd5 47. Rd3 Rh4+ 48. Kf5 Rh5+ 49. Kg6 Rg5+ 50. Kf7 Bc3 51. Rc8 Ke5 52. Re8+ Kf4 53. Re2 Nf6 54. Rd1 Ng4 55. Rf1+ Kg3 56. Kg8 h5 57. Rg1+ Kf3 58. Rc2 h4 59. Rf1+ Ke3 60. Rg2 Nh6+ 61. Kh7 Rxg2 0-1


[Site "Internet"]

[Event "Chessable Masters - Torneo preliminare"]
[White "Christiansen, Johan-Sebastian"]
[Black "Sjugirov, Sanan"]
[WhiteFideId "1512668"]
[BlackFideId "4189302"]
[WhiteElo "2481"]
[BlackElo "2543"]
[Result "0-1"]
[Round "4"]
[TimeControl "600+2"]
[Date "2023.03.13"]
[WhiteClock "0:01:01"]
[BlackClock "0:03:45"]

1. e4 c5 2. Nf3 Nc6 3. b4 cxb4 4. d4 d6 5. d5 Nb8 6. a3 bxa3 7. Nxa3 Nf6 8. Bb5+ Nbd7 9. e5 dxe5 10. Nxe5 g6 11. O-O Bg7 12. Bb2 O-O 13. Nf3 a6 14. Be2 b5 15. Nxb5 Rb8 16. Bxf6 Nxf6 17. Nbd4 Qxd5 18. Bxa6 Bxa6 19. Rxa6 Rfc8 20. Re1 Qc4 21. Ra7 Nd5 22. h4 Rb4 23. Ne2 Bf6 24. Ng3 Nc3 25. Qd2 Nb5 26. Rb7 Bc3 27. Qh6 Bxe1 28. Nh5 Bxf2+ 29. Kxf2 Qxc2+ 30. Kg3 gxh5 31. Qxh5 Qg6+ 32. Qxg6+ hxg6 33. Rxe7 Nd4 34. Rd7 Nxf3 35. gxf3 Rc3 36. h5 gxh5 37. Rd8+ Kg7 38. Rd4 Rxd4 0-1


[Site "Internet"]

[Event "Chessable Masters - Torneo preliminare"]
[White "Van Foreest, Lucas"]
[Black "Weetik, Vjacheslav"]
[WhiteFideId "1039792"]
[BlackFideId "4153472"]
[WhiteElo "2483"]
[BlackElo "2445"]
[Result "1-0"]
[Round "4"]
[TimeControl "600+2"]
[Date "2023.03.13"]
[WhiteClock "0:02:16"]
[BlackClock "0:00:03"]

1. d4 Nf6 2. c4 e6 3. Nc3 d5 4. cxd5 exd5 5. Bg5 c6 6. e3 Be7 7. Bd3 Nbd7 8. h3 g6 9. Bf4 Nh5 10. Bh2 Nb6 11. Nf3 Ng7 12. O-O O-O 13. Rc1 Bd6 14. Ne5 f6 15. Nf3 Bxh2+ 16. Kxh2 Bf5 17. e4 dxe4 18. Nxe4 Kh8 19. Kg1 Nd5 20. Re1 Ne6 21. Nc5 Nxc5 22. Bxf5 Na6 23. Bd3 Nac7 24. Qb3 Rb8 25. Qa3 a6 26. Nd2 Nb5 27. Bxb5 axb5 28. Ne4 Re8 29. Qg3 Qa5 30. a3 Rbd8 31. b4 Qa8 32. Qh4 Kg7 33. Nc5 Qxa3 34. Kh2 Qxb4 35. Re4 Qd2 36. Ra1 g5 37. Qg4 h5 38. Qxh5 Rxe4 39. Nxe4 Qf4+ 40. Ng3 Rh8 41. Qe2 g4 42. Ra7 Qb8 43. Qxg4+ Kf8 44. Ra2 Qf4 45. Ra8+ Kf7 46. Qd7+ Kg6 47. Rxh8 1-0


[Site "Internet"]

[Event "Chessable Masters - Torneo preliminare"]
[White "Sychev, Klementy"]
[Black "Xu, Yi"]
[WhiteFideId "4114060"]
[BlackFideId "8605564"]
[WhiteElo "2484"]
[BlackElo "2402"]
[Result "1-0"]
[Round "4"]
[TimeControl "600+2"]
[Date "2023.03.13"]
[WhiteClock "0:00:14"]
[BlackClock "0:00:09"]

1. e4 e5 2. Nf3 Nf6 3. d4 Nxe4 4. Bd3 Nc6 5. Nxe5 Nxe5 6. dxe5 Nc5 7. Bc4 d6 8. Qf3 Ne6 9. Be3 dxe5 10. Nd2 Bd6 11. O-O-O O-O 12. Ne4 Kh8 13. h4 Qe7 14. Nxd6 cxd6 15. Qd5 Rd8 16. Rd2 f6 17. Rhd1 Nc7 18. Qe4 Be6 19. Bxe6 Nxe6 20. Qb4 a5 21. Qa3 Ra6 22. Rd5 a4 23. Qb4 a3 24. b3 Qc7 25. Rb5 Rc8 26. Rd2 Rc6 27. c4 Nc5 28. Bxc5 dxc5 29. Qxa3 e4 30. Qa7 Qe5 31. Rxb7 Rd6 32. Rxd6 Qxd6 33. Rxg7 Qf4+ 34. Kb1 Qh6 35. Re7 Qg6 36. Qd7 e3+ 37. Kb2 Rf8 38. fxe3 Qxg2+ 39. Kc3 Qg6 40. Qd3 f5 41. Qd5 Qh6 42. Qe5+ Kg8 43. Qe6+ Qxe6 44. Rxe6 Ra8 45. a4 Kf7 46. Re5 f4 47. exf4 1-0


[Site "Internet"]

[Event "Chessable Masters - Torneo preliminare"]
[White "Shimanov, Aleksandr"]
[Black "Vetoshko, Volodymyr"]
[WhiteFideId "4198603"]
[BlackFideId "14122480"]
[WhiteElo "2610"]
[BlackElo "2457"]
[Result "1-0"]
[Round "4"]
[TimeControl "600+2"]
[Date "2023.03.13"]
[WhiteClock "0:01:09"]
[BlackClock "0:00:03"]

1. e4 c5 2. Nf3 e6 3. c3 d5 4. exd5 Qxd5 5. d4 Nf6 6. Na3 Qd8 7. Bf4 cxd4 8. Nxd4 Nd5 9. Bg3 Be7 10. Nc4 O-O 11. Bd3 Nd7 12. O-O N7f6 13. Qe2 Bd7 14. Rad1 Rc8 15. Rfe1 Re8 16. Ne5 Bf8 17. Bb1 Ba4 18. Rd2 Qb6 19. Qf3 Red8 20. Bh4 Be8 21. Qh3 Nf4 22. Qf3 Ng6 23. Bxg6 hxg6 24. Bxf6 gxf6 25. Qxf6 Bg7 26. Qf4 f6 27. Nxg6 Bxg6 28. Qg4 Bf7 29. Rd3 Rd5 30. h4 f5 31. Qg3 Qd6 32. Nxe6 Qxg3 33. Rxg3 Bxe6 34. Rxe6 Kf7 35. Re2 Be5 36. Rge3 Rd1+ 37. Re1 Rxe1+ 38. Rxe1 Bf6 39. g3 Rd8 40. Re2 f4 41. Kg2 Rd3 42. Kh3 f3 43. Rc2 b5 44. Kg4 Be5 45. Kf5 Bc7 46. Ke4 Rd1 47. Kxf3 Bb6 48. Kg4 Rf1 49. f4 a5 50. Re2 Ra1 51. Re5 Rxa2 52. Rxb5 Be3 53. h5 Bc1 54. Rb7+ Kg8 55. b3 Bb2 56. c4 Bc3 57. c5 Rd2 58. c6 1-0


[Site "Internet"]

[Event "Chessable Masters - Torneo preliminare"]
[White "Sargissian, Gabriel"]
[Black "Shyam, Sundar M."]
[WhiteFideId "13300881"]
[BlackFideId "5019141"]
[WhiteElo "2628"]
[BlackElo "2464"]
[Result "1-0"]
[Round "4"]
[TimeControl "600+2"]
[Date "2023.03.13"]
[WhiteClock "0:05:46"]
[BlackClock "0:00:04"]

1. d4 Nf6 2. c4 g6 3. Nc3 Bg7 4. e4 d6 5. Nf3 O-O 6. Be2 e5 7. O-O Nc6 8. d5 Ne7 9. b4 Ne8 10. a4 h6 11. a5 f5 12. c5 Nf6 13. Nd2 f4 14. b5 g5 15. h3 dxc5 16. Nc4 Ng6 17. d6 Be6 18. dxc7 Qxc7 19. b6 axb6 20. axb6 Qc6 21. Rxa8 Rxa8 22. Qd6 Qe8 23. Qc7 f3 24. Nd6 fxe2 25. Nxe8 exf1=Q+ 26. Kxf1 Nxe8 27. Qxb7 Ra1 28. Ne2 Bc4 29. Ke1 Bxe2 30. Kxe2 Rxc1 31. Qc8 Kf7 32. b7 Nf4+ 33. Kd2 Rb1 34. g3 Ne6 35. b8=Q Rxb8 36. Qxb8 N8c7 37. Kc3 Bf8 38. Kc4 Ke7 39. Qc8 Kf7 40. Qd7+ Be7 41. Qd1 Kg7 42. Qg4 Kf7 43. Qf5+ Bf6 44. Qh7+ Bg7 45. Qf5+ Bf6 46. Qg4 Bg7 47. Qd1 Ke7 48. Qh5 Kf6 49. h4 gxh4 50. Qxh4+ Kf7 51. f4 exf4 52. gxf4 Ne8 53. e5 Nd4 54. Qh5+ Kf8 55. Qg6 Ne2 56. Kxc5 Ke7 57. Qg4 Bf8 58. Qxe2 Kf7+ 59. Kd5 Nc7+ 60. Ke4 1-0


[Site "Internet"]

[Event "Chessable Masters - Torneo preliminare"]
[White "Steinberg, Nitzan"]
[Black "Rasulov, Vugar"]
[WhiteFideId "2801795"]
[BlackFideId "13402390"]
[WhiteElo "2500"]
[BlackElo "2415"]
[Result "1-0"]
[Round "4"]
[TimeControl "600+2"]
[Date "2023.03.13"]
[WhiteClock "0:00:40"]
[BlackClock "0:00:14"]

1. e4 c5 2. Nf3 Nc6 3. Bb5 d6 4. O-O Bd7 5. c3 Nf6 6. Re1 a6 7. Bf1 Bg4 8. d4 g6 9. Be3 cxd4 10. cxd4 Bg7 11. Nbd2 d5 12. e5 Ne4 13. Nb3 O-O 14. h3 Bf5 15. Nh4 Be6 16. Bd3 f5 17. f3 Ng3 18. Qd2 Bc8 19. Kh2 Nh5 20. g4 fxg4 21. hxg4 Nxe5 22. dxe5 Bxe5+ 23. Kg1 Nf4 24. Bf1 e6 25. Bf2 Bg7 26. Bg3 e5 27. Rad1 Kh8 28. Qh2 Kg8 29. Ng2 g5 30. Nxf4 gxf4 31. Bh4 Qd6 32. Bd3 h6 33. Be4 Be6 34. Qd2 Rad8 35. Bxd8 Rxd8 36. Bf5 Bf7 37. Rc1 b6 38. Rc2 a5 39. Nc1 h5 40. Nd3 hxg4 41. Bxg4 Bg6 42. Rec1 Qe7 43. Rc8 Rf8 44. Rxf8+ Bxf8 45. Rc6 Bh7 46. Be6+ Kh8 47. Nxe5 Qg5+ 48. Ng4 Bc5+ 49. Rxc5 bxc5 50. Qxd5 Qg7 51. Qd8+ 1-0


[Site "Internet"]

[Event "Chessable Masters - Torneo preliminare"]
[White "Malakhov, Vladimir"]
[Black "Matinian, Nikita"]
[WhiteFideId "4120787"]
[BlackFideId "24129100"]
[WhiteElo "2666"]
[BlackElo "2326"]
[Result "1-0"]
[Round "4"]
[TimeControl "600+2"]
[Date "2023.03.13"]
[WhiteClock "0:02:13"]
[BlackClock "0:00:09"]

1. e4 c5 2. Nf3 e6 3. c4 Nc6 4. d4 cxd4 5. Nxd4 Nf6 6. Nc3 Bb4 7. Nxc6 bxc6 8. Bd3 e5 9. O-O O-O 10. h3 Re8 11. Na4 d5 12. cxd5 cxd5 13. exd5 Qxd5 14. a3 Bf8 15. Nc3 Qe6 16. Bb5 Re7 17. Bg5 Bb7 18. Bxf6 Qxf6 19. Nd5 Bxd5 20. Qxd5 Rb8 21. b4 e4 22. Bc4 Re5 23. Qd4 a5 24. Bxf7+ Kh8 25. Rab1 axb4 26. axb4 Rd8 27. Qc4 Rg5 28. Rb3 Rd7 29. Be6 Rd4 30. Qc8 Rd8 31. Qc7 Bd6 32. Qb6 Re5 33. Bg4 h5 34. Be2 Rg5 35. g3 h4 36. Bg4 Qe5 37. Qxd8+ 1-0


[Site "Internet"]

[Event "Chessable Masters - Torneo preliminare"]
[White "Sourath, Biswas"]
[Black "Sankalp, Gupta"]
[WhiteFideId "35091484"]
[BlackFideId "5097010"]
[WhiteElo "2138"]
[BlackElo "2427"]
[Result "1/2-1/2"]
[Round "4"]
[TimeControl "600+2"]
[Date "2023.03.13"]
[WhiteClock "0:02:34"]
[BlackClock "0:01:19"]

1. d4 Nf6 2. Bf4 g6 3. Nc3 d5 4. e3 Bg7 5. Nb5 Na6 6. Nf3 O-O 7. Be2 c6 8. Nc3 Nc7 9. O-O Nce8 10. Na4 b6 11. Rc1 Bb7 12. b3 Nh5 13. Be5 f6 14. Bg3 Nxg3 15. hxg3 e5 16. c4 e4 17. Nh2 f5 18. b4 Kh8 19. b5 cxb5 20. cxb5 Nd6 21. Qb3 Qd7 22. Nc3 Qe6 23. a4 Rfc8 24. Nb1 Nc4 25. Rfd1 Rc7 26. Na3 Na5 27. Qb2 Rac8 28. Rxc7 Rxc7 29. Rc1 Qc8 30. Rxc7 Qxc7 31. Nc2 Bf8 32. f4 exf3 33. Nxf3 Qxg3 34. Qc3 Bd6 35. Nb4 f4 36. exf4 Bxf4 37. Nd3 Be3+ 38. Kh1 Qg4 39. Qc7 Bxd4 40. Qd8+ Kg7 41. Qe7+ Kg8 42. Qe8+ Kg7 43. Qe7+ Kg8 44. Nxd4 Qxd4 45. Ne5 Qf4 46. Ng4 Kh8 47. Nf6 Qh4+ 48. Kg1 Qe1+ 49. Kh2 Qh4+ 1/2-1/2


[Site "Internet"]

[Event "Chessable Masters - Torneo preliminare"]
[White "Ju, Wenjun"]
[Black "Golubev, Mikhail"]
[WhiteFideId "8603006"]
[BlackFideId "14100983"]
[WhiteElo "2598"]
[BlackElo "2361"]
[Result "1-0"]
[Round "4"]
[TimeControl "600+2"]
[Date "2023.03.13"]
[WhiteClock "0:00:15"]
[BlackClock "0:00:03"]

1. d4 Nf6 2. c4 g6 3. Nf3 Bg7 4. g3 O-O 5. Bg2 d6 6. O-O Nbd7 7. Nc3 e5 8. e4 Re8 9. Re1 exd4 10. Nxd4 c6 11. Be3 Nc5 12. f3 Nfd7 13. f4 Nf6 14. e5 Ng4 15. Nxc6 bxc6 16. Bxc6 Nxe3 17. Rxe3 Bb7 18. Bxe8 Qxe8 19. Qxd6 Bf8 20. Qd2 Rd8 21. Nd5 Qc6 22. b3 Ne6 23. Rd3 Nc5 24. Ne7+ Bxe7 25. Rxd8+ Kg7 26. Rd5 Ne4 27. Qe1 Bc5+ 28. Kg2 Nf2 29. Kf1 Ng4 30. Qd2 Ne3+ 31. Ke2 Nxd5 32. cxd5 Qd7 33. Qd3 Qg4+ 34. Kd2 Bb4+ 35. Kc2 Qh3 36. Rd1 Qg2+ 37. Kb1 Ba3 38. Qc2 Bxd5 39. Qxg2 Bxg2 40. Kc2 Be4+ 41. Kc3 f5 42. b4 a5 43. bxa5 Bc5 44. a6 Kf8 45. Rd7 h5 46. a7 Ke8 47. Rc7 Bg1 48. Rc8+ Kd7 49. a8=Q Bxa8 50. Rxa8 Bxh2 51. Rg8 Bxg3 52. Rxg6 h4 53. Kd4 Bxf4 54. Kd5 h3 55. Rg7+ Kd8 56. Rh7 Bg3 57. Rxh3 f4 58. Ke4 Ke7 59. Rh6 1-0


[Site "Internet"]

[Event "Chessable Masters - Torneo preliminare"]
[White "Vasquez Schroeder, Rodrigo"]
[Black "Agrest, Evgenij"]
[WhiteFideId "3400042"]
[BlackFideId "1705024"]
[WhiteElo "2589"]
[BlackElo "2576"]
[Result "0-1"]
[Round "4"]
[TimeControl "600+2"]
[Date "2023.03.13"]
[WhiteClock "0:06:04"]
[BlackClock "0:02:48"]

1. e4 c6 2. d4 d5 3. exd5 cxd5 4. c4 Nf6 5. Nc3 Be6 6. Nge2 dxc4 7. Nf4 Bg4 8. f3 Bd7 9. Bxc4 e6 10. O-O Bd6 11. d5 e5 12. Nfe2 b5 13. Bb3 b4 14. Ne4 Nxe4 15. fxe4 O-O 16. Be3 Na6 17. Rc1 Qe7 18. Bc4 Nc5 19. Ng3 g6 20. Bh6 Rfc8 21. Qf3 Rc7 22. b3 Bc8 23. Kh1 Qh4 24. Qe3 f6 25. Be2 Bb7 26. a3 a5 27. axb4 axb4 28. Qd2 Nxb3 29. Qb2 Nxc1 30. Bxc1 Ra3 31. Bf3 Rac3 32. Qb1 Ba6 33. Re1 Bd3 34. Qa1 Rc8 35. Bd2 Rc2 36. Be3 b3 37. Qa4 b2 38. Qd7 Rc1 39. Qe6+ Kh8 0-1


[Site "Internet"]

[Event "Chessable Masters - Torneo preliminare"]
[White "Sharapov, Evgeny"]
[Black "Hambleton, Aman"]
[WhiteFideId "14103133"]
[BlackFideId "2606577"]
[WhiteElo "2337"]
[BlackElo "2447"]
[Result "1-0"]
[Round "4"]
[TimeControl "600+2"]
[Date "2023.03.13"]
[WhiteClock "0:03:55"]
[BlackClock "0:00:03"]

1. e4 e6 2. d4 d5 3. Nc3 Bb4 4. e5 Ne7 5. a3 Bxc3+ 6. bxc3 b6 7. Nf3 Ba6 8. Bxa6 Nxa6 9. Qe2 Nb8 10. a4 Nbc6 11. c4 Na5 12. cxd5 Qxd5 13. Ba3 Nec6 14. c3 Nc4 15. O-O Nxa3 16. Rxa3 Na5 17. Nd2 O-O 18. Ne4 Nc4 19. Raa1 Rfd8 20. Rad1 h6 21. Qg4 Kf8 22. Ng3 Nb2 23. Rde1 Nxa4 24. Re3 g6 25. Qh4 h5 26. Rf3 c5 27. Qf6 Qb7 28. Qxg6 Ke8 29. Qg8+ Kd7 30. Rxf7+ Kc6 31. Qh7 Qc8 32. Qe4+ Kb5 33. c4+ Ka5 34. Ra1 cxd4 35. Qe1+ Ka6 36. Rxa4# 1-0


[Site "Internet"]

[Event "Chessable Masters - Torneo preliminare"]
[White "Bachmann, Axel"]
[Black "Sasikiran, Krishnan"]
[WhiteFideId "3700488"]
[BlackFideId "5004985"]
[WhiteElo "2618"]
[BlackElo "2559"]
[Result "1-0"]
[Round "4"]
[TimeControl "600+2"]
[Date "2023.03.13"]
[WhiteClock "0:01:09"]
[BlackClock "0:00:05"]

1. Nf3 d5 2. e3 g6 3. c4 c6 4. Nc3 Nf6 5. cxd5 cxd5 6. Bb5+ Nc6 7. Ne5 Bd7 8. Bxc6 Bxc6 9. Nxc6 bxc6 10. d4 e6 11. Na4 Bd6 12. Bd2 O-O 13. Rc1 Rc8 14. O-O h5 15. h3 Ne4 16. Qe2 Bb8 17. Be1 Qd6 18. f4 Qe7 19. Nc5 Nxc5 20. Rxc5 Bd6 21. Rc2 c5 22. Bc3 c4 23. e4 dxe4 24. Qxe4 Rfd8 25. Kh1 Bb4 26. g4 Bxc3 27. bxc3 Qh4 28. Rg1 hxg4 29. Rh2 g3 30. Qe1 Qxf4 31. Rxg3 Rc6 32. Rhg2 Rb8 33. Rg4 Qd6 34. Qe4 Kf8 35. Rxg6 Ke7 36. Rg7 Rf8 37. Qh4+ Kd7 38. Qf6 Qe7 39. Qf3 Rb6 40. Rf2 Rb1+ 41. Kg2 Kc8 42. Qa8+ Rb8 43. Qc6+ Kd8 44. d5 Rc8 45. Qb5 Rc5 46. Qb8+ Rc8 47. Qe5 Rc5 48. Rb2 Qc7 49. Rb8+ Ke7 50. d6+ 1-0


[Site "Internet"]